Map: Dämmertürme

Players

VBPreina - Winner!

  • Race: Zerg Zerg
  • League: Diamond

haddenlos

  • Race: Protoss Protoss
  • League: Diamond

VOD

Have the link to the VOD?

Description

Win VBPreina

Time

  • Played on: Jan. 2, 2016, 8:45 a.m.
  • Length: 13:46
Show
View Real Time Build Order
Export as new Build Order

VBPreina Zerg - Winner!

Build Orders: Hatch First, Lurkers 

Get SALT Encoding   

  12  0:07  Overlord  
  12  0:12  Drone  
  13  0:17  Drone  
  14  0:30  Drone  
  14  0:31  Drone  
  16  0:40  Drone  
  17  0:54  Hatchery  
  17  0:55  Drone  
  17  0:59  Extractor  
  17  1:03  Drone  
  17  1:12  Drone  
  18  1:19  Spawning Pool  
  18  1:25  Drone  
  18  1:34  Overlord  
  18  1:46  Drone  
  19  2:06  Queen x2  
  19  2:08  Zergling x6  
  25  2:13  Metabolic Boost  
  26  2:21  Drone x2  
  28  2:36  Overlord  
  28  2:38  Overlord  
  28  2:40  Drone  
  29  2:47  Queen  
  31  2:57  Drone  
  31  2:58  Drone x2  
  34  3:10  Drone x2  
  36  3:19  Drone  
  37  3:21  Drone  
  37  3:22  Drone  
  39  3:28  Hatchery, Overlord  
  38  3:37  Lair  
  38  3:39  Drone  
  38  3:40  Drone x3  
  42  3:45  Overlord  
  42  3:52  Spore Crawler  
  42  3:55  Drone x2, Spore Crawler  
  42  3:58  Drone  
  42  3:59  Drone  
  44  4:06  Zergling x6  
  47  4:15  Drone x2  
  47  4:16  Drone, Extractor  
  49  4:17  Extractor  
  49  4:22  Drone x3  
  49  4:23  Drone  
  49  4:24  Extractor  
  51  4:25  Drone x2  
  51  4:26  Drone  
  51  4:28  Overlord  
  52  4:41  Drone x2  
  52  4:44  Evolution Chamber  
  53  4:47  Overlord x2  
  52  4:57  Drone  
  52  4:58  Drone  
  54  5:02  Drone  
  54  5:03  Drone  
  54  5:05  Hydralisk Den  
  55  5:10  Queen  
  55  5:11  Drone x6  
  63  5:16  Zerg Missile Weapons Level 1  
  63  5:25  Nydus Network  
  62  5:30  Pneumatized Carapace  
  61  5:38  Zergling x2  
  61  5:39  Zergling x20  
  71  5:45  Muscular Augments  
  71  5:50  Spore Crawler, Extractor  
  71  5:51  Extractor  
  68  5:59  Drone x3  
  68  6:00  Drone x2  
  68  6:01  Drone x2  
  68  6:02  Drone x4  
  79  6:10  Hydralisk x2  
  83  6:22  Drone  
  83  6:23  Drone x5  
  89  6:33  Overlord x3  
  85  6:43  Overlord  
  85  6:44  Overlord x2  
  81  6:51  Hydralisk  
  81  6:52  Hydralisk x7  
  92  7:02  Drone  
  92  7:03  Drone x2  
  92  7:11  Hydralisk  
  92  7:12  Hydralisk x4  
  102  7:21  Hydralisk x2  
  106  7:26  Overlord  
  106  7:45  Drone  
  106  7:47  Infestation Pit  
  106  7:48  Drone x2  
  106  7:49  Drone  
  106  7:50  Drone x2  
  106  7:51  Drone, Hydralisk x4  
  112  7:53  Lurker Den  
  120  8:06  Hatchery  
  120  8:12  Zergling x2  
  120  8:13  Zergling x2  
  120  8:15  Hatchery  
  120  8:16  Overlord x5  
  120  8:32  Nydus Canal  
  120  8:33  Overlord x3  
  120  8:34  Overlord x4  
  120  8:42  Hydralisk x5  
  120  8:43  Hydralisk x3  
  136  8:54  Zergling x4  
  120  9:03  Hive  
  120  9:09  Overlord  
  120  9:21  Lurker  
  120  9:22  Lurker x7  
  128  9:34  Queen  
  128  9:37  Overlord, Queen  
  128  9:38  Overlord  
  132  9:50  Zerg Melee Weapons Level 1  
  132  9:54  Drone x2  
  132  9:55  Evolution Chamber  
  132  9:57  Evolution Chamber  
  132  9:58  Hydralisk  
  132  9:59  Hydralisk x9  
  142  10:02  Zergling x2  
  142  10:03  Zergling x24  
  165  10:09  Queen  
  167  10:20  Drone  
  166  10:22  Ultralisk Cavern  
  166  10:26  Drone  
  166  10:45  Queen  
  168  10:54  Zerg Missile Weapons Level 2, Zerg Ground Armor Level 1  
  168  10:56  Adrenal Glands  
  168  10:58  Zergling x28  
  168  10:59  Zergling x18  
  191  11:27  Chitinous Plating  
  191  11:28  Ultralisk  
  191  11:29  Spore Crawler  
  196  11:33  Extractor  
  196  11:37  Extractor  
  190  12:01  Zergling x2  
  190  12:02  Zergling x22  
  190  12:03  Zergling x6  
  191  12:12  Ultralisk  
  193  12:21  Overlord  
  168  12:25  Ultralisk  
  168  12:27  Ultralisk x4  
  198  12:37  Drone x2  
  180  13:07  Zergling x2  
  180  13:08  Zergling x28  
  180  13:09  Hatchery, Zergling x16  
  180  13:10  Zergling x2  
  180  13:11  Zergling x2  
Show
View Real Time Build Order
Export as new Build Order

haddenlos Protoss 

Build Orders: Nexus First 

Get SALT Encoding   

  12  0:01  Probe (Chrono Boost)  
  13  0:11  Probe (Chrono Boost)  
  14  0:18  Pylon  
  14  0:22  Probe (Chrono Boost)  
  15  0:36  Probe (Chrono Boost)  
  16  0:46  Probe (Chrono Boost)  
  17  1:02  Nexus  
  17  1:11  Gateway  
  17  1:18  Assimilator  
  17  1:19  Probe (Chrono Boost)  
  18  1:30  Probe (Chrono Boost)  
  19  1:35  Pylon  
  19  1:40  Probe (Chrono Boost)  
  20  1:51  Probe (Chrono Boost), Assimilator  
  21  2:01  Probe (Chrono Boost)  
  21  2:03  Cybernetics Core  
  22  2:11  Zealot (Chrono Boost)  
  22  2:12  Probe (Chrono Boost)  
  25  2:18  Probe (Chrono Boost)  
  27  2:22  Probe  
  27  2:28  Probe  
  28  2:34  Probe  
  29  2:40  Adept (Chrono Boost), Warp Gate  
  31  2:46  Probe  
  33  2:51  Mothership Core (Chrono Boost)  
  33  2:56  Probe (Chrono Boost)  
  33  2:58  Assimilator  
  34  3:08  Probe (Chrono Boost)  
  34  3:11  Stalker (Chrono Boost), Probe (Chrono Boost)  
  38  3:17  Probe  
  39  3:23  Probe  
  40  3:27  Pylon  
  40  3:30  Probe  
  41  3:37  Probe  
  42  3:42  Probe  
  43  3:49  Stargate x2  
  43  3:50  Probe (Chrono Boost)  
  43  3:52  Adept (Chrono Boost)  
  43  3:53  Probe (Chrono Boost)  
  47  4:01  Probe (Chrono Boost)  
  48  4:04  Probe (Chrono Boost)  
  49  4:11  Pylon  
  49  4:12  Probe (Chrono Boost)  
  49  4:15  Gateway  
  49  4:17  Gateway  
  50  4:19  Probe (Chrono Boost)  
  51  4:29  Probe (Chrono Boost)  
  51  4:30  Probe (Chrono Boost)  
  53  4:33  Assimilator  
  53  4:34  Pylon  
  53  4:40  Phoenix x2 (Chrono Boost)  
  53  4:44  Pylon  
  53  4:59  Probe  
  54  5:05  Pylon  
  54  5:08  Phoenix x2 (Chrono Boost)  
  54  5:09  Probe  
  59  5:17  Gateway x2  
  59  5:19  Gateway, Adept  
  59  5:21  Adept  
  63  5:29  Phoenix (Chrono Boost)  
  63  5:31  Phoenix (Chrono Boost)  
  67  5:40  Pylon  
  67  5:42  Probe  
  68  5:47  Probe  
  69  5:52  Nexus  
  69  5:54  Probe (Chrono Boost)  
  70  6:09  Sentry  
  72  6:13  Stalker  
  72  6:14  Stalker, Robotics Facility  
  72  6:15  Probe x2 (Chrono Boost)  
  72  6:18  Adept  
  80  6:20  Sentry  
  83  6:25  Probe (Chrono Boost)  
  83  6:26  Probe (Chrono Boost)  
  84  6:36  Probe x2 (Chrono Boost)  
  84  6:47  Zealot x5  
  94  7:04  Probe x2 (Chrono Boost)  
  94  7:05  Pylon  
  94  7:08  Zealot x2, Pylon  
  96  7:09  Zealot x2  
  96  7:10  Probe (Chrono Boost)  
  96  7:14  Probe x2 (Chrono Boost)  
  107  7:21  Probe (Chrono Boost)  
  108  7:25  Probe x2 (Chrono Boost)  
  108  7:28  Assimilator  
  110  7:30  Forge  
  110  7:32  Probe (Chrono Boost)  
  110  7:34  Twilight Council, Forge  
  110  7:35  Probe (Chrono Boost)  
  110  7:36  Stalker  
  114  7:41  Probe (Chrono Boost)  
  114  7:42  Probe (Chrono Boost), Observer  
  117  7:47  Gateway  
  117  7:48  Gateway  
  117  7:53  Protoss Ground Weapons Level 1 (Chrono Boost), Assimilator  
  117  7:56  Stalker x2  
  121  8:02  Pylon  
  121  8:03  Pylon  
  121  8:07  Protoss Ground Armor Level 1 (Chrono Boost)  
  121  8:10  Charge (Chrono Boost)  
  121  8:18  Zealot x2  
  125  8:29  Zealot x2  
  125  8:30  Zealot x2  
  133  8:43  Zealot x2  
  127  9:00  Stalker x4  
  135  9:06  Gateway  
  135  9:07  Gateway  
  135  9:10  Gateway  
  135  9:17  Pylon  
  135  9:19  Pylon  
  135  9:20  Pylon  
  135  9:22  Templar Archives, Pylon  
  135  9:27  Zealot x3  
  141  9:31  Nexus, Pylon  
  141  9:32  Pylon  
  141  9:35  Pylon  
  141  9:43  Blink (Chrono Boost)  
  141  9:48  Immortal  
  145  9:52  Pylon  
  145  9:53  Pylon  
  145  9:54  Pylon  
  145  9:57  Pylon x2  
  145  10:13  Protoss Ground Weapons Level 2 (Chrono Boost)  
  145  10:20  Protoss Ground Armor Level 2 (Chrono Boost)  
  145  10:23  High Templar x5  
  145  10:24  High Templar x3  
  145  10:27  Probe x2  
  163  10:39  Archon x2  
  163  10:40  Archon x2  
  163  10:42  Probe x2  
  169  10:46  Probe  
  169  10:47  Probe  
  171  10:54  Probe x2  
  171  10:56  Mothership Core, Pylon  
  173  10:59  Pylon  
  173  11:01  Zealot x2  
  173  11:02  Zealot x5  
  189  11:07  Warp Prism  
  187  11:17  Probe x2  
  189  11:21  Assimilator x2  
  189  11:32  Gateway  
  189  11:35  Gateway  
  189  11:36  Gateway  
  189  11:38  Gateway x2  
  179  11:47  Probe x2  
  181  11:55  Immortal  
  185  12:01  Robotics Facility  
  185  12:02  Robotics Facility  
  185  12:07  Zealot x2  
  185  12:08  Zealot x5  
  197  12:12  Sentry  
  197  12:13  Sentry  
  192  12:22  Probe x2  
  192  12:24  Probe x2  
  170  13:10  Zealot x4  
  170  13:11  Zealot x7  
  170  13:12  Zealot x5  
  134  13:31  Stalker x2  
  134  13:32  Stalker x6  
  134  13:33  Stalker x5  
  134  13:34  Stalker  
Tags
 
Add a new tag
Caveats
  • Supply blocks, unpowered buildings, or Contaminate may cause inaccurate times.
  • Supply counts are checked every 10 seconds.